[Event "Juniorallsvenskan, Linkoping 2023"]
[Site "Linkoping, Sweden"]
[Date "2023.11.24"]
[Round "1.1"]
[White "Strom-Engdahl, Alexander"]
[Black "Jonsson, Oscar"]
[Result "1-0"]
[WhiteElo "2149"]
[BlackElo "2063"]
[ECO "B13"]
[TimeControl "90 min + 30 sec/move"]

1.e4 c6 2.d4 d5 3.exd5 cxd5 4.Bd3 Nf6 5.c3 Bg4 6.Qb3 Qc7 7.Bg5 Nc6 8.Nd2 
e6 9.Ngf3 Bd6 10.O-O Bh5 11.Rac1 O-O 12.Rfe1 Rab8 13.Qc2 Bg6 14.Bxg6 hxg6 
15.Qd3 b5 16.h4 Nh5 17.b4 a5 18.a3 a4 19.Nf1 Rfe8 20.N1h2 Nf4 21.Bxf4 Bxf4
22.Rcd1 Ne7 23.g3 Bd6 24.Kg2 Rec8 25.Rc1 Qc4 26.Qxc4 Rxc4 27.Re2 Rbc8 28.
Rec2 f6 29.Nf1 Nf5 30.Ne3 R4c6 31.Ne1 Kf7 32.Nd3 Ne7 33.f4 g5 34.hxg5 fxg5
35.fxg5 Nf5 36.Nxf5 exf5 37.Nc5 Kg6 38.Re2 Kxg5 39.Re6 g6 40.Kf3 Bxc5 41.
Rxc6 Rxc6 42.bxc5 Rf6 43.Re1 Rf8 44.Re6 Kh5 45.Rd6 Re8 46.Rxd5 Rc8 47.Kf4 
Rf8 48.c6 g5+ 49.Kf3 f4 50.g4+ Kh4 51.c7 Re8 52.Rd8 Re3+ 53.Kf2 Rxc3 54.
c8=Q Rxc8 55.Rxc8 Kxg4 56.d5 Kf5 57.Re8 1-0

[Event "Juniorallsvenskan, Linkoping 2023"]
[Site "Linkoping, Sweden"]
[Date "2023.11.24"]
[Round "1.2"]
[White "Lind Berteusen, Alvin"]
[Black "Lindholm, Gustav"]
[Result "1/2-1/2"]
[WhiteElo "2071"]
[BlackElo "2092"]
[ECO "A06"]
[TimeControl "90 min + 30 sec/move"]

1.Nf3 d5 2.e3 Nf6 3.b3 Bf5 4.Bb2 e6 5.d4 Nbd7 6.Bd3 Bxd3 7.Qxd3 c5 8.O-O 
Be7 9.c4 O-O 10.cxd5 Nxd5 11.Rd1 cxd4 12.Nxd4 Nc5 13.Qe2 Qb6 14.Nd2 Qa6 
15.Nc4 Rfd8 16.Qg4 Nf6 17.Qf3 Nce4 18.a4 Rac8 19.Rac1 b6 20.Rc2 Qb7 21.
Rdc1 Bc5 22.Ne5 a5 23.Ng4 Nxg4 24.Qxg4 Nf6 25.Qg3 Qd5 26.h3 Qd7 27.Rc4 Bd6
28.Qh4 Rc5 29.Rxc5 Bxc5 30.Rc4 Qd5 31.Nf3 Qd1+ 32.Kh2 Bd6+ 33.Be5 Bxe5+ 
34.Nxe5 Qxb3 35.Ng4 Nxg4+ 36.hxg4 Re8 37.Qe7 Qxa4 38.Qc7 Qb5 39.Rc6 Qg5 
40.Rxb6 h6 41.Rb7 Rf8 42.Ra7 Qxg4 43.Rxa5 Qh4+ 44.Kg1 Rd8 45.Ra1 Rd2 46.
Qb8+ Kh7 47.Qb1+ g6 48.Qe1 Rd5 49.Ra5 Qg4 50.Rxd5 exd5 51.Qd2 Qe4 52.Qb2 
Qe6 53.Qd4 h5 54.Qf4 f6 55.Qc7+ Kh6 56.Qd8 g5 57.g3 Kg6 58.Qh8 f5 59.Qd4 
g4 60.Qh8 Qf7 61.Qe5 Qd7 62.Qh8 Qe6 63.Qd4 Qe4 64.Qb6+ Kg7 65.Qc7+ Kg6 66.
Qd6+ Kg7 67.Qc7+ Kg6 68.Qd6+ 1/2-1/2

[Event "Juniorallsvenskan, Linkoping 2023"]
[Site "Linkoping, Sweden"]
[Date "2023.11.24"]
[Round "1.3"]
[White "Karlsson, Stefan 2005"]
[Black "Li, Kaj"]
[Result "1-0"]
[WhiteElo "1970"]
[BlackElo "1618"]
[ECO "C41"]
[TimeControl "90 min + 30 sec/move"]

1.e4 Nf6 2.Nc3 d6 3.d4 Nbd7 4.Nf3 e5 5.dxe5 dxe5 6.Bc4 Bb4 7.O-O Bxc3 8.
bxc3 O-O 9.Ba3 c5 10.Qd3 Qe7 11.Bd5 Rb8 12.c4 b6 13.Rfe1 Rd8 14.Bb2 Bb7 
15.a4 a5 16.Rad1 Kf8 17.Qc3 Re8 18.g3 h6 19.Qd2 Qd6 20.Nh4 Qc7 21.Nf5 Ng8 
22.Bxb7 Rxb7 23.Nd6 Ndf6 24.Nxb7 Qxb7 25.Qd6+ Ne7 26.Qxe5 Kg8 27.Qc3 Nc6 
28.e5 Ng4 29.Qf3 Qc8 30.Qd5 Qf5 31.f3 Ngxe5 32.Bxe5 Nb4 33.Qe4 Rxe5 34.
Qxe5 Qxf3 35.Rd8+ Kh7 36.Qe4+ 1-0

[Event "Juniorallsvenskan, Linkoping 2023"]
[Site "Linkoping, Sweden"]
[Date "2023.11.24"]
[Round "1.4"]
[White "Lindquist, Karl"]
[Black "Havner, Arvid"]
[Result "0-1"]
[WhiteElo "1190"]
[BlackElo "1906"]
[ECO "B50"]
[TimeControl "90 min + 30 sec/move"]

1.e4 c5 2.Nc3 d6 3.Nf3 Nf6 4.Bc4 Nc6 5.d3 Bg4 6.h3 Bh5 7.g4 Bg6 8.Bf4 e6 
9.Bg3 a6 10.a3 Be7 11.Qd2 O-O 12.Bh4 Nxe4 13.dxe4 Bxh4 14.Nxh4 Qxh4 15.
Qxd6 Nd4 16.Kf1 Rfd8 17.Qe5 Nf3 18.Qxc5 Rac8 19.Qb4 Rxc4 20.Qxb7 Nd2+ 21.
Ke2 Nxe4 22.Rhf1 Nxc3+ 23.bxc3 Re4+ 24.Kf3 Qxh3# 0-1

[Event "Juniorallsvenskan, Linkoping 2023"]
[Site "Linkoping, Sweden"]
[Date "2023.11.24"]
[Round "1.5"]
[White "Dingertz, Erik"]
[Black "Nord, Alexander"]
[Result "1-0"]
[WhiteElo "2183"]
[BlackElo "2196"]
[ECO "A11"]
[TimeControl "90 min + 30 sec/move"]
[BlackTitle "CM"]

1.Nf3 d5 2.c4 c6 3.g3 g6 4.Bg2 Bg7 5.O-O Nf6 6.d4 dxc4 7.Ne5 Ng4 8.Nf3 O-O
9.Na3 Be6 10.h3 Nf6 11.Ng5 Bd5 12.e4 h6 13.exd5 hxg5 14.dxc6 Nxc6 15.Bxg5 
Qxd4 16.Bxc6 Qxd1 17.Rfxd1 bxc6 18.Nxc4 Nd5 19.Rd2 Rfc8 20.Rc1 Rab8 21.Na5
Rb5 22.Nxc6 Kh7 23.Rc4 Rc7 24.a4 Rb6 25.Rh4+ Kg8 26.Rxd5 Rbxc6 27.Rd8+ Bf8
28.Bh6 Rc8 29.Rhd4 f6 30.Bxf8 Kf7 31.h4 g5 32.hxg5 fxg5 33.Bxe7 Kxe7 34.
R4d7+ Kf6 35.Rxc8 Rxc8 36.Rxa7 Rb8 37.Ra6+ Kf7 38.Ra5 1-0

[Event "Juniorallsvenskan, Linkoping 2023"]
[Site "Linkoping, Sweden"]
[Date "2023.11.24"]
[Round "1.6"]
[White "Morell, Ludvig"]
[Black "Ljung, Harald"]
[Result "1-0"]
[WhiteElo "1977"]
[BlackElo "2176"]
[ECO "B38"]
[TimeControl "90 min + 30 sec/move"]

1.e4 c5 2.Nf3 Nc6 3.d4 cxd4 4.Nxd4 g6 5.Be3 Bg7 6.c4 d6 7.Nc3 Nf6 8.Be2 
O-O 9.O-O Bd7 10.Qd2 a5 11.b3 Nxd4 12.Bxd4 Bc6 13.f3 Nd7 14.a3 Nc5 15.Rab1
Ne6 16.Bxg7 Kxg7 17.Nd5 Bxd5 18.exd5 Nc5 19.b4 Nd7 20.Qc3+ f6 21.f4 Qb6+ 
22.Kh1 Kg8 23.Bd3 f5 24.Rfe1 Kf7 25.Re6 Qa7 26.Rbe1 Rfe8 27.g4 axb4 28.
axb4 Qf2 29.Rf1 Qh4 30.gxf5 gxf5 31.Qc2 Nf6 32.Bxf5 Ra3 33.Qe2 Nh5 34.Re3 
Ng3+ 35.Rxg3 Rxg3 36.Qf2 Rh3 37.Be6+ Kg7 38.Qg2+ 1-0

[Event "Juniorallsvenskan, Linkoping 2023"]
[Site "Linkoping, Sweden"]
[Date "2023.11.24"]
[Round "1.7"]
[White "Ivarsson, Sebastian"]
[Black "Johansson, William 2007"]
[Result "1-0"]
[WhiteElo "1947"]
[BlackElo "1955"]
[ECO "E21"]
[TimeControl "90 min + 30 sec/move"]

1.d4 Nf6 2.c4 e6 3.Nc3 b6 4.Nf3 Bb4 5.g3 Bxc3+ 6.bxc3 Ba6 7.Nd2 Bb7 8.Nf3 
Ba6 9.Nd2 Bb7 10.Nf3 O-O 11.Bg2 d6 12.O-O Nbd7 13.Nd2 Bxg2 14.Kxg2 d5 15.
cxd5 exd5 16.f3 Re8 17.Re1 c5 18.e4 dxe4 19.fxe4 cxd4 20.cxd4 Nf8 21.Bb2 
Ne6 22.e5 Nd5 23.Ne4 Re7 24.Nd6 Rc7 25.Rc1 Qd7 26.Qf3 Rxc1 27.Rxc1 Nec7 
28.Rf1 Rf8 29.Ba3 a5 30.Nf5 Nb4 31.Bxb4 axb4 32.Qg4 Ne6 33.Rd1 Qd5+ 34.Kg1
Re8 35.Ne3 Qxa2 36.d5 Nc5 37.Nf5 g6 38.Nh6+ Kg7 39.Qf4 Qa7 40.Ng4 Nd7 41.
Qd4 f6 42.e6 Ne5 43.Nxe5 fxe5 44.Qxe5+ Kg8 45.Qd4 1-0

[Event "Juniorallsvenskan, Linkoping 2023"]
[Site "Linkoping, Sweden"]
[Date "2023.11.24"]
[Round "1.8"]
[White "Morell, Oscar"]
[Black "Dingertz, Filip"]
[Result "0-1"]
[WhiteElo "1910"]
[BlackElo "1855"]
[ECO "C54"]
[TimeControl "90 min + 30 sec/move"]

1.e4 e5 2.Nf3 Nc6 3.Bc4 Bc5 4.c3 Nf6 5.d3 O-O 6.Nbd2 d6 7.O-O Re8 8.Ng5 
Re7 9.b4 Bb6 10.Qb3 Qe8 11.a4 a6 12.a5 Ba7 13.Ba3 h6 14.Ngf3 Be6 15.Rab1 
Rd8 16.Bxe6 Rxe6 17.c4 Nh5 18.g3 Qe7 19.Qa4 Qd7 20.b5 Nd4 21.Nxd4 Bxd4 22.
Qd1 Nf6 23.Qb3 Nh5 24.bxa6 bxa6 25.Qb7 Rg6 26.Kg2 Nf4+ 27.Kh1 Qh3 28.Rg1 
Nxd3 29.Rg2 Nxf2+ 30.Rxf2 Bxf2 31.Nf1 Rxg3 32.Nxg3 Bxg3 33.Qb2 Bf4 34.Rg1 
Qf3+ 35.Rg2 Qxe4 36.Qb3 d5 37.Be7 dxc4 38.Qa4 Rd2 0-1

[Event "Juniorallsvenskan, Linkoping 2023"]
[Site "Linkoping, Sweden"]
[Date "2023.11.24"]
[Round "1.9"]
[White "Torngren, Gustav"]
[Black "Willstedt, Lukas"]
[Result "1-0"]
[WhiteElo "2289"]
[BlackElo "1794"]
[ECO "A15"]
[TimeControl "90 min + 30 sec/move"]
[WhiteTitle "FM"]

1.c4 e6 2.g3 Nf6 3.Bg2 d5 4.b3 c5 5.Nf3 Nc6 6.O-O d4 7.e3 Be7 8.exd4 cxd4 
9.Re1 O-O 10.d3 Bd6 11.a3 a5 12.Nbd2 e5 13.Qc2 h6 14.c5 Bc7 15.Rb1 Nd5 16.
Nc4 Re8 17.Bd2 Bf5 18.b4 axb4 19.axb4 Nc3 20.Bxc3 dxc3 21.Re3 Nd4 22.Qxc3 
Ne2+ 23.Rxe2 Qxd3 24.Qxd3 Bxd3 25.Ree1 Bxc4 26.Nd2 Bd3 27.Rb3 Rad8 28.Ra3 
Bb5 29.Ne4 Bc6 30.Nc3 Rd4 31.Bxc6 bxc6 32.b5 Rc4 33.b6 Bb8 34.Ne4 f5 35.
Nd6 Bxd6 36.cxd6 Rd4 37.b7 Rxd6 38.Ra8 1-0

[Event "Juniorallsvenskan, Linkoping 2023"]
[Site "Linkoping, Sweden"]
[Date "2023.11.24"]
[Round "1.10"]
[White "Bergman, Nils"]
[Black "Konduru, Gary Sairahul"]
[Result "1-0"]
[WhiteElo "1880"]
[BlackElo "1579"]
[ECO "B14"]
[TimeControl "90 min + 30 sec/move"]

1.e4 c6 2.d4 d5 3.exd5 cxd5 4.c4 Nf6 5.Nc3 e6 6.Nf3 Nc6 7.c5 b6 8.Bb5 Bd7 
9.Qa4 Qc7 10.b4 a6 11.O-O Be7 12.Bxc6 Bxc6 13.Qc2 Nd7 14.Re1 O-O 15.a4 
bxc5 16.bxc5 h6 17.g3 e5 18.Nxe5 Nxe5 19.Rxe5 Bf6 20.Nxd5 Bxd5 21.Rxd5 Qc6
22.Rd6 Qf3 23.Ra3 Qg4 24.Be3 Rfd8 25.Rxd8+ Rxd8 26.c6 Bxd4 27.c7 Rc8 28.h3
Qf3 29.Rd3 Bf6 30.Bg5 Qa8 31.Bxf6 gxf6 32.Rd7 Re8 33.Qd1 1-0

[Event "Juniorallsvenskan, Linkoping 2023"]
[Site "Linkoping, Sweden"]
[Date "2023.11.24"]
[Round "1.11"]
[White "Dahlin, Emil 2013"]
[Black "Karde, Douglas"]
[Result "1/2-1/2"]
[WhiteElo "1338"]
[BlackElo "1723"]
[ECO "B32"]
[TimeControl "90 min + 30 sec/move"]

1.e4 c5 2.Nf3 Nc6 3.d4 cxd4 4.Nxd4 Qb6 5.c3 e5 6.Nb5 Nf6 7.Be3 Qd8 8.f3 a6
9.Nd6+ Bxd6 10.Qxd6 Qe7 11.Bc5 Qxd6 12.Bxd6 Kd8 13.Bc4 Ne8 14.Ba3 f6 15.
O-O b5 16.Bf7 a5 17.Bc5 Kc7 18.Na3 Ba6 19.Rfd1 Rd8 20.Bxe8 Rhxe8 21.Bd6+ 
Kb6 22.Rd2 Re6 23.Rad1 Na7 24.Nc2 Kc6 25.Ba3 Nc8 26.Ne3 Nb6 27.Rd6+ Kc7 
28.Bc5 Nc8 29.Rxe6 dxe6 30.Rxd8 Kxd8 31.Bf8 g6 32.Bg7 Ke7 33.Ng4 Kf7 34.
Bh8 Nb6 35.b3 Nd7 36.Nh6+ Kf8 37.Ng4 Ke7 38.Nh6 f5 39.g4 fxe4 40.fxe4 Bb7 
41.Ng8+ Kd6 42.Nf6 Nxf6 43.Bxf6 a4 44.Kf2 Bxe4 45.Ke3 Bb1 46.bxa4 bxa4 47.
a3 Kd5 48.c4+ Kxc4 49.Bxe5 Kb3 50.Bd6 e5 51.Kf3 Bc2 52.Ke3 Kb2 53.Kf3 g5 
54.h3 e4+ 55.Ke3 Bd3 56.Bb4 Kb3 57.Kd2 Bf1 58.Ke3 Bxh3 59.Kxe4 Bxg4 60.Ke3
h5 61.Kf2 Bd7 62.Kg3 Bc6 63.Be7 h4+ 64.Kg4 Bd7+ 65.Kxg5 h3 66.Bd6 Kc2 67.
Kh4 Kd1 68.Kg3 Ke1 69.Kf3 Kf1 70.Ke3 Kg2 71.Kd2 Kf1 72.Kc1 h2 73.Bxh2 
1/2-1/2

[Event "Juniorallsvenskan, Linkoping 2023"]
[Site "Linkoping, Sweden"]
[Date "2023.11.25"]
[Round "2.1"]
[White "Bergman, Nils"]
[Black "Lind Berteusen, Alvin"]
[Result "1/2-1/2"]
[WhiteElo "1880"]
[BlackElo "2071"]
[ECO "B22"]
[TimeControl "90 min + 30 sec/move"]

1.e4 c5 2.d4 cxd4 3.c3 Nf6 4.e5 Nd5 5.Nf3 e6 6.cxd4 d6 7.a3 Bd7 8.Bd3 Bc6 
9.O-O Nd7 10.Re1 dxe5 11.dxe5 Be7 12.Bc2 Rc8 13.Nbd2 Qc7 14.Nf1 g5 15.Bxg5
Bxg5 16.Nxg5 Rg8 17.Qh5 Nf8 18.Qh4 Qe7 19.Nf3 Qxh4 20.Nxh4 Nf4 21.Ng3 Bxg2
22.Nxg2 Nh3+ 23.Kf1 Rxc2 24.Re2 Rxe2 25.Kxe2 Ng6 26.Rc1 Kd8 27.Rc4 h5 28.
Re4 Ke7 29.Nh4 Rc8 30.Nxg6+ fxg6 31.Rb4 b6 32.Ne4 Nf4+ 33.Kd2 Rd8+ 34.Nd6 
Nd5 35.Rc4 Rf8 36.Ke2 Kd7 37.b4 Nf4+ 38.Ke3 Nd5+ 39.Ke2 a6 40.Ke1 Rf3 41.
a4 Rb3 42.b5 a5 43.Ke2 Rc3 44.Kd2 Ra3 45.Ne4 Ra2+ 46.Ke1 Nb4 47.Nf6+ Ke7 
48.Rc7+ Kf8 49.Nh7+ Ke8 50.Nf6+ Kd8 51.Rd7+ Kc8 52.Re7 Nd3+ 53.Kf1 Rxf2+ 
54.Kg1 Rf5 55.Re8+ Kc7 56.Re7+ Kc8 57.Re8+ Kc7 58.Re7+ 1/2-1/2

[Event "Juniorallsvenskan, Linkoping 2023"]
[Site "Linkoping, Sweden"]
[Date "2023.11.25"]
[Round "2.2"]
[White "Jonsson, Oscar"]
[Black "Willstedt, Lukas"]
[Result "1-0"]
[WhiteElo "2063"]
[BlackElo "1794"]
[ECO "E11"]
[TimeControl "90 min + 30 sec/move"]

1.d4 e6 2.c4 Nf6 3.g3 d5 4.Nf3 Bb4+ 5.Bd2 Be7 6.Bg2 O-O 7.Qc2 c6 8.O-O b6 
9.b3 Bb7 10.Nc3 Nbd7 11.Rfd1 Rc8 12.e4 c5 13.dxc5 Bxc5 14.Bg5 dxe4 15.Ne5 
Qc7 16.Nxd7 Nxd7 17.Nb5 Qc6 18.Nxa7 Qc7 19.Nxc8 Rxc8 20.Bxe4 h6 21.Bf4 e5 
22.Be3 Bxe3 23.fxe3 Nf6 24.Bg2 b5 25.Rac1 Ba6 26.c5 b4 27.Qd2 e4 28.Qxb4 
Bd3 29.Bf1 Rd8 30.Bxd3 exd3 31.Qc4 d2 32.Rc2 Qe7 33.Qe2 Ne4 34.b4 Qe5 35.
Rcxd2 Nxd2 36.Rxd2 Re8 37.c6 Qc3 38.Qd3 Qxb4 39.c7 Qe7 40.Qc3 Rc8 41.Rc2 
Qe4 42.Rb2 Qe8 43.Qc5 Kh7 44.Qf5+ g6 45.Qf4 Qd7 46.Rb7 Qd1+ 47.Kg2 Qe2+ 
48.Qf2 Qc4 49.Qb2 Rxc7 50.Rxc7 Qxc7 51.h4 h5 52.Kh2 Qc6 53.Qe2 Qe4 54.a3 
Kg8 55.Qd2 Kh7 56.Qa2 Kg8 57.Qb3 Qf3 58.Qb8+ Kg7 59.Qf4 Qe2+ 60.Kh3 Qd1 
61.Qd4+ 1-0

[Event "Juniorallsvenskan, Linkoping 2023"]
[Site "Linkoping, Sweden"]
[Date "2023.11.25"]
[Round "2.3"]
[White "Enholm, Herman"]
[Black "Li, Kaj"]
[Result "1/2-1/2"]
[WhiteElo "1703"]
[BlackElo "1618"]
[ECO "A21"]
[TimeControl "90 min + 30 sec/move"]

1.c4 e5 2.Nc3 Bb4 3.Qc2 Nc6 4.Nf3 Bxc3 5.Qxc3 f6 6.e4 d6 7.d3 Be6 8.Be2 
Nge7 9.O-O g5 10.Be3 Ng6 11.d4 g4 12.Ne1 Bd7 13.f4 exf4 14.Bxf4 Qe7 15.Bd3
O-O-O 16.Nc2 h5 17.Ne3 h4 18.Nd5 Qg7 19.c5 Nxf4 20.Rxf4 dxc5 21.Qxc5 Qg5 
22.Rxf6 Qd2 23.Qc3 Qg5 24.Raf1 g3 25.h3 Rh6 26.Rf7 Kb8 27.R7f4 a6 28.Qc5 
Be6 29.Bc4 Rhh8 30.R1f3 Rhe8 31.Rf8 Rxf8 32.Rxf8 Rxf8 33.Qxf8+ Bc8 34.Qf4 
Qxf4 35.Nxf4 Nxd4 36.Ng6 b5 37.Bd3 c5 38.Nxh4 Be6 39.a3 c4 40.Bb1 a5 41.
Nf5 Nxf5 42.exf5 Bf7 43.Kf1 Kc7 44.Be4 Kd6 45.Ke2 Ke5 46.Bb1 Kf4 47.Kd2 b4
48.axb4 axb4 49.f6 Ke5 50.Ke3 Kxf6 51.Kd4 Kg5 52.Kc5 b3 53.Kd4 Kf4 54.Bh7 
Be6 55.Be4 Bf7 56.Bb7 Be6 57.Bc6 Bf7 58.Bb7 Be6 1/2-1/2

[Event "Juniorallsvenskan, Linkoping 2023"]
[Site "Linkoping, Sweden"]
[Date "2023.11.25"]
[Round "2.4"]
[White "Lindquist, Karl"]
[Black "Karde, Douglas"]
[Result "0-1"]
[WhiteElo "1190"]
[BlackElo "1723"]
[ECO "B30"]
[TimeControl "90 min + 30 sec/move"]

1.e4 c5 2.Nc3 Nc6 3.Nf3 e5 4.Bc4 Be7 5.d3 d6 6.a3 Nf6 7.O-O O-O 8.Bd2 Be6 
9.Nd5 Kh8 10.Ng5 Qd7 11.f4 exf4 12.Nxe6 fxe6 13.Nxf4 d5 14.Bb3 c4 15.dxc4 
dxc4 16.Bxc4 Qd4+ 17.Kh1 Qxc4 18.b3 Qxe4 19.Re1 Qf5 20.Nxe6 Ne4 21.Rxe4 
Qxe4 22.Nxf8 Rxf8 23.h3 Rf2 24.Qg4 Qxg4 25.hxg4 Rxd2 26.c3 Kg8 27.b4 Kf7 
28.a4 Kg6 29.Kh2 Bd6+ 30.Kh3 Kg5 31.g3 Ne5 32.Rf1 Nxg4 33.Rh1 Nf2+ 34.Kg2 
Nxh1+ 35.Kxh1 Bxg3 36.b5 Kg4 37.b6 Kf3 38.bxa7 Rd1# 0-1

[Event "Juniorallsvenskan, Linkoping 2023"]
[Site "Linkoping, Sweden"]
[Date "2023.11.25"]
[Round "2.5"]
[White "Ljung, Harald"]
[Black "Strom-Engdahl, Alexander"]
[Result "0-1"]
[WhiteElo "2176"]
[BlackElo "2149"]
[ECO "D02"]
[TimeControl "90 min + 30 sec/move"]

1.d4 Nf6 2.Nf3 d5 3.g3 e6 4.Bg2 c5 5.O-O Nc6 6.b3 cxd4 7.Nxd4 Bc5 8.Nxc6 
bxc6 9.c4 O-O 10.Qc2 Qe7 11.Bb2 Bb7 12.Nc3 Rfd8 13.a3 e5 14.Na4 Bd6 15.Bc3
Rab8 16.Ba5 Re8 17.Rfd1 e4 18.e3 h5 19.Nc3 h4 20.cxd5 cxd5 21.Nb5 Be5 22.
Bb4 Qd7 23.Nd4 g6 24.Rac1 Rec8 25.Bc5 Ba6 26.Qd2 hxg3 27.hxg3 Kg7 28.b4 
Bd3 29.a4 Rh8 30.b5 Qg4 31.Rc3 Bxg3 32.fxg3 Qxg3 33.Rxd3 exd3 34.Qf2 Rh1+ 
35.Kxh1 Qxf2 36.Rf1 Rh8+ 0-1

[Event "Juniorallsvenskan, Linkoping 2023"]
[Site "Linkoping, Sweden"]
[Date "2023.11.25"]
[Round "2.6"]
[White "Lindholm, Gustav"]
[Black "Dingertz, Erik"]
[Result "1/2-1/2"]
[WhiteElo "2092"]
[BlackElo "2183"]
[ECO "D24"]
[TimeControl "90 min + 30 sec/move"]

1.d4 Nf6 2.c4 e6 3.Nf3 d5 4.Nc3 dxc4 5.e4 Bb4 6.Bxc4 Nxe4 7.O-O Nxc3 8.
bxc3 Be7 9.Ne5 O-O 10.Qg4 Nc6 11.f4 f5 12.Qd1 Nxe5 13.fxe5 c5 14.Be3 Kh8 
15.Rb1 Rb8 16.Qb3 Bg5 17.Bxg5 Qxg5 18.Bxe6 Qe3+ 19.Kh1 Bxe6 20.Qxe6 cxd4 
21.cxd4 Qxd4 22.Rxf5 Qd3 23.Rxf8+ Rxf8 24.Rg1 h6 1/2-1/2

[Event "Juniorallsvenskan, Linkoping 2023"]
[Site "Linkoping, Sweden"]
[Date "2023.11.25"]
[Round "2.7"]
[White "Ivarsson, Sebastian"]
[Black "Karlsson, Stefan 2005"]
[Result "1-0"]
[WhiteElo "1947"]
[BlackElo "1970"]
[ECO "E62"]
[TimeControl "90 min + 30 sec/move"]

1.d4 Nf6 2.c4 g6 3.Nc3 Bg7 4.Nf3 O-O 5.g3 d6 6.Bg2 Bf5 7.Nh4 Bc8 8.O-O Nc6
9.b3 Nh5 10.e3 e5 11.d5 Ne7 12.e4 Nf6 13.Bb2 Nd7 14.Nf3 h6 15.Nd2 f5 16.f4
exf4 17.gxf4 fxe4 18.Ndxe4 Nf5 19.Qd2 Bd4+ 20.Kh1 Nf6 21.Ne2 Bxb2 22.Qxb2 
Nxe4 23.Bxe4 Re8 24.Bf3 Re3 25.Rg1 Kf7 26.Rxg6 Kxg6 27.Rg1+ Kh7 28.Bh5 Re5
29.fxe5 Ng7 30.Bg6+ Kh8 31.e6 Qf8 32.Bf7 b5 33.Nf4 1-0

[Event "Juniorallsvenskan, Linkoping 2023"]
[Site "Linkoping, Sweden"]
[Date "2023.11.25"]
[Round "2.8"]
[White "Havner, Arvid"]
[Black "Anfalt, Erik"]
[Result "1/2-1/2"]
[WhiteElo "1906"]
[BlackElo "1816"]
[ECO "C84"]
[TimeControl "90 min + 30 sec/move"]

1.e4 e5 2.Nf3 Nc6 3.Bb5 a6 4.Ba4 Nf6 5.O-O b5 6.Bb3 Be7 7.d3 d6 8.a4 Bg4 
9.Be3 Na5 10.Ba2 c5 11.Nc3 b4 12.Nd5 O-O 13.Nxf6+ Bxf6 14.Bd5 Rc8 15.h3 
Be6 16.Bxe6 fxe6 17.Qd2 Nc6 18.Rab1 Rb8 19.c3 Qa5 20.c4 Nd4 21.Bxd4 exd4 
22.b3 e5 23.Ne1 Qd8 24.g3 Bg5 25.Qe2 Bh6 26.Ng2 Qf6 27.f4 Qg6 28.Qg4 Qxg4 
29.hxg4 g5 30.fxe5 dxe5 31.Rf5 Rbe8 32.Rbf1 Kg7 33.Rxf8 Rxf8 34.Rf5 Rxf5 
35.exf5 Kf6 36.Kf2 Ke7 37.Kf3 Bg7 38.Ke4 Kd6 39.f6 Bxf6 40.Kf5 Bg7 41.Ne1 
h6 42.Nf3 Bh8 43.Nd2 Bg7 44.Ne4+ Kc6 45.Kg6 Bf8 46.Kf7 Bd6 47.Nf6 a5 48.
Ke6 Bc7 49.Ne4 Bb8 50.Kf6 Bd6 51.Nxd6 Kxd6 52.Kf5 e4 53.Kxe4 1/2-1/2

[Event "Juniorallsvenskan, Linkoping 2023"]
[Site "Linkoping, Sweden"]
[Date "2023.11.25"]
[Round "2.9"]
[White "Nord, Alexander"]
[Black "Torngren, Gustav"]
[Result "0-1"]
[WhiteElo "2196"]
[BlackElo "2289"]
[ECO "B06"]
[TimeControl "90 min + 30 sec/move"]
[WhiteTitle "CM"]
[BlackTitle "FM"]

1.d4 g6 2.e4 Bg7 3.Nc3 a6 4.a4 d6 5.Be3 Nf6 6.h3 Nc6 7.g4 O-O 8.Nge2 e5 9.
d5 Ne7 10.Ng3 Ne8 11.a5 f5 12.gxf5 gxf5 13.exf5 Nxf5 14.Nxf5 Bxf5 15.Qd2 
Nf6 16.O-O-O Rf7 17.Bd3 e4 18.Bf1 Nd7 19.Ne2 c5 20.Nf4 Qf6 21.c3 Ne5 22.
Qc2 Qd8 23.Qa4 b5 24.axb6 Qxb6 25.Rd2 Nf3 26.Rc2 Rb8 27.Qa3 Rfb7 28.Be2 
Be5 29.Rd1 a5 30.Rh1 Qb3 31.Qxb3 Rxb3 32.Bd1 R3b7 33.Bxf3 exf3 34.Rg1+ Kf7
35.Rd2 Bxc3 0-1

[Event "Juniorallsvenskan, Linkoping 2023"]
[Site "Linkoping, Sweden"]
[Date "2023.11.25"]
[Round "2.10"]
[White "Konduru, Gary Sairahul"]
[Black "Morell, Ludvig"]
[Result "1/2-1/2"]
[WhiteElo "1579"]
[BlackElo "1977"]
[ECO "B90"]
[TimeControl "90 min + 30 sec/move"]

1.e4 c5 2.Nf3 d6 3.d4 cxd4 4.Nxd4 Nf6 5.Nc3 a6 6.h3 e6 7.g4 d5 8.Bg2 Bb4 
9.exd5 Nxd5 10.Bd2 Bxc3 11.bxc3 Qc7 12.Qf3 Nc6 13.Nxc6 Qxc6 14.Qd3 b5 15.
a4 Bb7 16.axb5 Qxb5 17.Qxb5+ axb5 18.Rxa8+ Bxa8 19.O-O Kd7 20.Rb1 Nc7 21.
Bf1 Bc6 22.Bf4 Rb8 23.c4 b4 24.Bd2 Na6 25.Ra1 Nc7 26.Rb1 Na6 1/2-1/2

[Event "Juniorallsvenskan, Linkoping 2023"]
[Site "Linkoping, Sweden"]
[Date "2023.11.25"]
[Round "2.11"]
[White "Johansson, William 2007"]
[Black "Dahlin, Emil 2013"]
[Result "1-0"]
[WhiteElo "1955"]
[BlackElo "1338"]
[ECO "A80"]
[TimeControl "90 min + 30 sec/move"]

1.d4 f5 2.Bf4 Nf6 3.e3 g6 4.Nf3 Bg7 5.h3 O-O 6.c3 d6 7.Bd3 Nbd7 8.Qb3+ Kh8
9.Ng5 Qe8 10.Ne6 Rb8 11.Nxf8 Qxf8 12.O-O e5 13.Bh2 Bh6 14.dxe5 dxe5 15.Qa3
Qc5 16.Qxc5 Nxc5 17.Bxe5 Nxd3 18.Bxf6+ Bg7 19.Bxg7+ Kxg7 20.b3 Nc5 21.Rd1 
Be6 22.Na3 a6 23.Nc4 Kf6 24.Rd4 Ne4 25.Rc1 b5 26.Nd2 Nd6 27.e4 fxe4 28.
Nxe4+ Ke7 29.Nc5 Kf7 30.Nxa6 Rc8 31.Nxc7 Rxc7 32.Rxd6 b4 33.c4 Ra7 34.Rb6 
Rxa2 35.Rxb4 Ra7 36.c5 Rc7 37.c6 Ke8 38.Rb7 Kd8 39.b4 Bc8 40.Rd1+ Rd7 41.
Rdxd7+ Bxd7 42.Rxd7+ Kc8 43.b5 h5 44.b6 g5 45.Rh7 1-0

[Event "Juniorallsvenskan, Linkoping 2023"]
[Site "Linkoping, Sweden"]
[Date "2023.11.25"]
[Round "3.1"]
[White "Lind Berteusen, Alvin"]
[Black "Nord, Alexander"]
[Result "1/2-1/2"]
[WhiteElo "2071"]
[BlackElo "2196"]
[ECO "B92"]
[TimeControl "90 min + 30 sec/move"]
[BlackTitle "CM"]

1.e4 c5 2.Nf3 d6 3.d4 cxd4 4.Nxd4 Nf6 5.Nc3 a6 6.Be2 e5 7.Nb3 Be6 8.O-O 
Nbd7 9.f4 b5 10.f5 Qb6+ 11.Kh1 Bc4 12.Bd3 Be7 13.Qe2 Bxd3 14.Qxd3 Rc8 15.
Be3 Qb7 16.a3 h5 1/2-1/2

[Event "Juniorallsvenskan, Linkoping 2023"]
[Site "Linkoping, Sweden"]
[Date "2023.11.25"]
[Round "3.2"]
[White "Morell, Ludvig"]
[Black "Jonsson, Oscar"]
[Result "1/2-1/2"]
[WhiteElo "1977"]
[BlackElo "2063"]
[ECO "B15"]
[TimeControl "90 min + 30 sec/move"]

1.e4 c6 2.Nc3 d5 3.d4 dxe4 4.Nxe4 Nf6 5.Nxf6+ exf6 6.c3 Bd6 7.Bd3 O-O 8.
Ne2 Re8 9.Qc2 h6 10.O-O a5 11.c4 Na6 12.a3 Nc7 13.Be3 Bd7 14.c5 Bf8 15.Bc4
Be6 16.Bf4 Bxc4 17.Bxc7 Qxc7 18.Qxc4 Rad8 19.b4 b5 20.Qd3 a4 21.Rad1 g6 
22.Nc3 f5 23.d5 Bg7 24.d6 Qd7 25.Rfe1 Re6 26.Ne2 Rde8 27.Kf1 Re4 28.Nc3 
R4e6 29.Qd2 Kh7 30.Na2 Bf6 31.Nc1 Bg5 32.Qc2 Rxe1+ 33.Rxe1 Rxe1+ 34.Kxe1 
Qe6+ 35.Ne2 Qd5 36.f3 Qe5 37.Qd3 Qxh2 38.d7 Qxg2 39.f4 Qh1+ 40.Kd2 Bd8 41.
Qd6 Qe4 42.Nd4 Qg2+ 43.Ke3 Qg1+ 44.Kd3 Qd1+ 45.Kc3 Qa1+ 46.Kc2 1/2-1/2

[Event "Juniorallsvenskan, Linkoping 2023"]
[Site "Linkoping, Sweden"]
[Date "2023.11.25"]
[Round "3.3"]
[White "Li, Kaj"]
[Black "Johansson, William 2007"]
[Result "1-0"]
[WhiteElo "1618"]
[BlackElo "1955"]
[ECO "B00"]
[TimeControl "90 min + 30 sec/move"]

1.e4 b6 2.d4 Bb7 3.Nc3 e6 4.Nge2 d5 5.exd5 exd5 6.Bf4 Bd6 7.Qd2 Nf6 8.f3 
O-O 9.g4 a5 10.h4 a4 11.h5 Bxf4 12.Nxf4 h6 13.Nh3 Nh7 14.O-O-O a3 15.b3 c5
16.Bd3 Qf6 17.Bxh7+ Kxh7 18.dxc5 Na6 19.g5 Qf5 20.gxh6 gxh6 21.Nf2 Qg5 22.
f4 Qf5 23.Rhg1 Rg8 24.cxb6 Nb4 25.Kb1 Rad8 26.Ne2 Nc6 27.Nd4 Nxd4 28.Qxd4 
f6 29.Nd3 Bc6 30.Qc5 Qd7 31.Qxa3 Qb7 32.Qb4 Rb8 33.Rxg8 Kxg8 34.Rg1+ Kf7 
35.Re1 d4 36.Qxd4 Qxb6 37.Qxb6 Rxb6 38.a4 Bxa4 39.Kb2 Bc6 40.Ra1 Rb5 41.
Ra7+ Ke6 42.Ra6 Kd7 43.c4 Rxh5 44.b4 Rh3 45.Nc5+ Kc7 46.b5 Bb7 47.Nxb7 
Kxb7 48.Rxf6 h5 49.c5 h4 50.Rf7+ Kc8 51.c6 Rh2+ 52.Kc3 Rh1 53.Kd4 Rc1 54.
Rh7 Rb1 55.Kc5 Rc1+ 56.Kb6 Rd1 57.Rxh4 Rd8 58.Rh7 Rf8 59.Ka7 Rxf4 60.Kb6 
Rf8 61.Ka5 Rf5 62.Ka6 Rf6 63.Rh5 Kc7 64.Ka5 Rf7 65.Kb4 Kb6 66.Rd5 Rf1 67.
Kc4 Rc1+ 68.Kd4 Re1 69.Re5 Rd1+ 70.Ke4 Rb1 71.Kf5 Rb4 72.Ke6 Rh4 73.Kd7 
Rh7+ 74.Re7 Rh1 75.c7 Rd1+ 76.Ke8 Rc1 77.Kd8 Rd1+ 78.Kc8 Kxb5 79.Kb7 Rd6 
80.c8=Q Rb6+ 81.Kc7 1-0

[Event "Juniorallsvenskan, Linkoping 2023"]
[Site "Linkoping, Sweden"]
[Date "2023.11.25"]
[Round "3.4"]
[White "Morell, Oscar"]
[Black "Lindquist, Karl"]
[Result "1-0"]
[WhiteElo "1910"]
[BlackElo "1190"]
[ECO "C54"]
[TimeControl "90 min + 30 sec/move"]

1.e4 e5 2.Nf3 Nc6 3.Bc4 Bc5 4.c3 d6 5.d3 Nf6 6.Nbd2 O-O 7.Bb3 Ne7 8.h3 Be6
9.Bxe6 fxe6 10.a4 a6 11.b4 Ba7 12.Qb3 d5 13.Nxe5 c6 14.O-O Nd7 15.Ndf3 b5 
16.axb5 axb5 17.d4 Nb6 18.Bg5 Qe8 19.Bxe7 Qxe7 20.Nxc6 Qc7 21.Nfe5 Nc4 22.
Nxa7 Nd2 23.Nxb5 Rxa1 24.Rxa1 Nxb3 25.Nxc7 Nxa1 26.Nxe6 Rc8 27.exd5 Re8 
28.f4 Nc2 29.f5 Rxe6 30.fxe6 Kf8 31.d6 Ne3 32.d7 Ke7 33.Nc6+ Kd6 34.d8=Q+ 
Kxc6 35.e7 Nd5 36.e8=Q+ Kb7 37.Qb5+ Ka7 38.Qda5# 1-0